 Dungeon Crawl Stone Soup version 0.28.0-49-g6dfe1f597d (webtiles) character file.

Game seed: 15365699571546550462

3765 DearestLeader the Blocker (level 10, -4/81 HPs)
             Began as a Gnoll Fighter on May 7, 2022.
             Was a Believer of Okawaru.
             Slain by a boulder beetle (19 damage)
             ... on level 7 of the Dungeon on May 16, 2022.
             The game lasted 00:13:25 (8087 turns).

DearestLeader the Blocker (Gnoll Fighter)           Turns: 8087, Time: 00:13:25

Health: -4/81      AC:  9    Str: 19    XL:     10   Next: 15%
Magic:  17/17      EV: 13    Int:  7    God:    Okawaru [**....]
Gold:   477        SH:  6    Dex: 13    Spells: 16/19 levels left

rFire   . . .      SeeInvis .   i - +2 whip (elec)
rCold   . . .      Faith    .   c - +0 buckler
rNeg    . . .      Spirit   .   F - +0 steam dragon scales
rPois   .          Reflect  .   o - +0 helmet
rElec   .          Harm     .   w - +0 cloak
rCorr   .          Rampage  .   (no gloves)
Will    .....                   (no boots)
Stlth   +++.......              I - amulet of the acrobat
HPRegen 0.23/turn               r - +4 ring of slaying
MPRegen 0.15/turn               (no ring)

@: no status effects
A: fangs 1, strong nose, distributed training
a: Renounce Religion, Heroism


You were on level 7 of the Dungeon.
You worshipped Okawaru.
Okawaru was pleased with you.
You visited 2 branches of the dungeon, and saw 9 of its levels.

You collected 477 gold pieces.

Inventory:

Hand Weapons
 a - a +2 whip of flaming
 i - a +2 whip of electrocution (weapon)
 n - a +2 spear of venom
 s - a +0 whip of holy wrath
 E - a +2 morningstar of flaming
Armour
 c - a +0 buckler (worn)
 o - a +0 helmet (worn)
 t - a +0 ring mail of poison resistance
 w - a +0 cloak (worn)
 B - a +0 plate armour
 F - +0 steam dragon scales (worn)
 J - a +2 hat
Jewellery
 k - an amulet of magic regeneration
 r - a +4 ring of slaying (left hand)
 I - an amulet of the acrobat (around neck)
Wands
 b - a wand of paralysis (11)
Scrolls
 e - a scroll of fog
 g - a scroll of enchant armour
 v - a scroll of teleportation {unknown}
 y - a scroll of enchant weapon {unknown}
 A - a scroll of noise {unknown}
 C - a scroll of fear {unknown}
 D - a scroll of immolation {unknown}
 H - a scroll of amnesia {unknown}
 K - a scroll of magic mapping {unknown}
Potions
 d - 2 potions of might
 f - a potion of heal wounds
 j - 4 potions of flight
 l - a potion of lignification {unknown}
 p - 4 potions of curing
 q - a potion of ambrosia {unknown}
 u - a potion of magic {unknown}
 x - 3 potions of attraction {unknown}
 z - 2 potions of mutation {unknown}
 G - a potion of resistance {unknown}


   Skills:
 + Level 8.3 Fighting
 + Level 5.0 Short Blades
 + Level 5.0 Long Blades
 + Level 6.8 Axes
 + Level 5.0 Maces & Flails
 + Level 5.0 Polearms
 + Level 5.0 Staves
 + Level 5.0 Slings
 + Level 5.0 Bows
 + Level 5.0 Crossbows
 + Level 5.0 Throwing
 + Level 8.3 Armour
 + Level 5.0 Dodging
 + Level 5.0 Stealth
 + Level 8.3 Shields
 + Level 5.0 Unarmed Combat
 + Level 5.0 Spellcasting
 + Level 4.1 Conjurations
 + Level 4.1 Hexes
 + Level 4.1 Summonings
 + Level 4.1 Necromancy
 + Level 4.1 Translocations
 + Level 4.1 Transmutations
 + Level 4.1 Fire Magic
 + Level 4.1 Ice Magic
 + Level 4.1 Air Magic
 + Level 4.1 Earth Magic
 + Level 4.1 Poison Magic
 + Level 5.5 Invocations
 + Level 5.0 Evocations


You had 16 spell levels left.
You knew the following spells:

 Your Spells              Type           Power      Damage    Failure   Level
a - Call Canine Familiar  Summ           7%         N/A       19%         3

Your spell library contained the following spells:

 Spells                   Type           Power      Damage    Failure   Level
 Static Discharge         Conj/Air       7%         N/A       10%         2
 Ignite Poison            Fire/Tmut/Pois 7%         N/A       19%         3
 Inner Flame              Hex/Fire       7%         N/A       19%         3
 Mephitic Cloud           Conj/Pois/Air  7%         N/A       19%         3
 Portal Projectile        Hex/Tloc       14%        N/A       19%         3
 Anguish                  Hex/Necr       3%         N/A       54%         4
 Cause Fear               Hex            3%         N/A       54%         4
 Dispel Undead            Necr           7%         3d8       54%         4
 Leda's Liquefaction      Hex/Erth       3%         N/A       54%         4
 Sticky Flame             Conj/Fire      7%         2d3       54%         4
 Freezing Cloud           Conj/Ice/Air   3%         6-21      87%         5
 Enfeeble                 Hex            3%         N/A       100%        7
 Discord                  Hex            3%         N/A       100%        8
 Tukima's Dance           Hex            Unusable   N/A       N/A         3

Dungeon Overview and Level Annotations

Branches:
Dungeon (8/15)             Temple (1/1) D:6
   Lair: D:8-11

Altars:
Ashenzari
Cheibriados
Dithmenos
Elyvilon
Fedhas
Gozag
Hepliaklqana
Kikubaaqudgha
Makhleb
Nemelex Xobeh
Okawaru
Qazlal
Ru
Sif Muna
Trog
Uskayaw
Vehumet
Wu Jian
Xom
Yredelemnul
Zin
The Shining One

Annotations:
D:3 2 runed translucent doors, lawnmower's ghost, amateur FoAK


Innate Abilities, Weirdness & Mutations

You have very sharp teeth.
Your uncanny sense of smell can sniff out nearby items.
Your experience applies equally to all skills.


Message History

The boulder beetle curls into a ball and begins rolling!
The basilisk bites you but does no damage.
You hit the basilisk. You bite the basilisk.
The basilisk is moderately wounded.
The basilisk gazes at you.
You are slowing down.
You barely miss the basilisk.
You bite the basilisk, but do no damage.
The basilisk is lightly wounded.
The basilisk hisses menacingly.
The basilisk closely misses you.
Your limbs are stiffening.
You whack the basilisk! You bite the basilisk.
The basilisk is heavily wounded.
The basilisk gazes at you.
Your limbs have turned to stone.
You have turned to stone.
The boulder beetle hits you!!!
The boulder beetle stops rolling and uncurls.
The basilisk bites you but does no damage.
You hear a shout!
The boulder beetle bites you! The basilisk bites you.
The boulder beetle bites you!! The basilisk gazes at you.
The boulder beetle bites you but does no damage.
The basilisk bites you! The boulder beetle bites you!!
The basilisk gazes at you. The boulder beetle bites you!
* * * LOW HITPOINT WARNING * * *
The basilisk bites you.
* * * LOW HITPOINT WARNING * * *
The boulder beetle bites you.
* * * LOW HITPOINT WARNING * * *
The basilisk bites you but does no damage.
A deep elf pyromancer comes into view. It is wielding a +0 long sword.
You turn to flesh and can move again.
Unknown command.
As you read the scroll labelled ISEAXTOSER, it crumbles to dust.
You speak a Word of immense power!
It was a scroll of holy word.
The boulder beetle bites you!!
You die...

#.#...#.#'## ∆ #..#
#... #....##...#.. ∆∆∆
...# ####
#..###...##..## ∆ #..#
#..#.#'#.#.....###...#
#.##...#####.....#..#
#.#......#.###......#
###..#..##...###○..#
#......#......#e#.#
###..[##..#..@l.# #
###)(...###.B##
###..###...#
#.....#..## ###......#
###...## ###.# ####
######## ### #...
##.....<## #...


You could see a boulder beetle, a deep elf pyromancer and a basilisk.

Vanquished Creatures
  Pikel (D:7)
  Maggie (D:7)
  A steam dragon (D:6)
  Duvessa (D:7)
  2 orc warriors (D:7)
  2 sky beasts
  2 necrophages
  A black bear (D:7)
  2 centaurs (D:7)
  4 bullfrogs
  A gnoll sergeant (D:8)
  2 water moccasin zombies
  Dowan (D:7)
  2 water moccasin skeletons
  4 killer bees (D:7)
  9 wights
  A bullfrog zombie (D:6)
  2 centaur zombies (D:7)
  3 hounds
  A centaur skeleton (D:7)
  2 gnoll shamans
  An orc priest (D:6)
  7 iguanas
  2 orc wizards
  Robin (D:2)
  6 adders
  10 gnolls
  2 shadow imps (D:8)
  2 white imps
  2 dart slugs
  14 orcs
  7 ball pythons
  2 endoplasms
  5 giant cockroaches
  19 goblins
  10 hobgoblins
  3 jackals (D:2)
  7 kobolds
  3 quokkas
  2 bats (D:1)
  5 frilled lizards
  8 rats
163 creatures vanquished.

Notes
Turn   | Place    | Note
-------+----------+-------------------------------------------
     0 | D:1      | DearestLeader the Gnoll Fighter began the quest for the
                  | Orb.
     0 | D:1      | Reached XP level 1. HP: 23/23 MP: 1/1
   138 | D:1      | Reached XP level 2. HP: 27/29 MP: 2/2
   592 | D:1      | Reached XP level 3. HP: 30/35 MP: 3/3
   671 | D:1      | Learned a level 3 spell: Call Canine Familiar
   834 | D:2      | Noticed Robin
  1009 | D:2      | Reached skill level 1 in Invocations
  1013 | D:2      | Killed Robin
  1014 | D:2      | Reached skill level 1 in Short Blades
  1014 | D:2      | Reached skill level 1 in Long Blades
  1014 | D:2      | Reached skill level 1 in Maces & Flails
  1014 | D:2      | Reached skill level 1 in Polearms
  1014 | D:2      | Reached skill level 1 in Staves
  1014 | D:2      | Reached skill level 1 in Slings
  1014 | D:2      | Reached skill level 1 in Bows
  1014 | D:2      | Reached skill level 1 in Crossbows
  1014 | D:2      | Reached skill level 1 in Throwing
  1014 | D:2      | Reached skill level 1 in Dodging
  1014 | D:2      | Reached skill level 1 in Stealth
  1014 | D:2      | Reached skill level 1 in Unarmed Combat
  1014 | D:2      | Reached skill level 1 in Spellcasting
  1014 | D:2      | Reached skill level 1 in Evocations
  1165 | D:2      | Reached XP level 4. HP: 40/41 MP: 5/5
  1373 | D:2      | Found a faded altar of an unknown god.
  1375 | D:2      | Noticed a floating eye
  1376 | D:2      | Noticed a great orb of eyes
  1376 | D:2      | Noticed a floating eye
  1376 | D:2      | Noticed a floating eye
  1887 | D:3      | Reached skill level 1 in Conjurations
  1887 | D:3      | Reached skill level 1 in Hexes
  1887 | D:3      | Reached skill level 1 in Summonings
  1887 | D:3      | Reached skill level 1 in Necromancy
  1887 | D:3      | Reached skill level 1 in Translocations
  1887 | D:3      | Reached skill level 1 in Transmutations
  1887 | D:3      | Reached skill level 1 in Fire Magic
  1887 | D:3      | Reached skill level 1 in Ice Magic
  1887 | D:3      | Reached skill level 1 in Air Magic
  1887 | D:3      | Reached skill level 1 in Earth Magic
  1887 | D:3      | Reached skill level 1 in Poison Magic
  2306 | D:3      | Found a large runed translucent door.
  2306 | D:3      | Found a large runed translucent door.
  2308 | D:3      | Noticed lawnmower's ghost (amateur FoAK)
  2464 | D:4      | Noticed a bullfrog
  2473 | D:3      | Killed a bullfrog
  2474 | D:3      | Reached XP level 5. HP: 45/47 MP: 5/7
  2599 | D:3      | Reached XP level 6. HP: 40/53 MP: 8/8
  2788 | D:4      | Reached skill level 5 in Axes
  3431 | D:5      | Entered Level 5 of the Dungeon
  3533 | D:5      | Noticed a necrophage
  3544 | D:5      | Killed a necrophage
  3545 | D:5      | Reached XP level 7. HP: 57/60 MP: 10/10
  4069 | D:6      | Reached XP level 8. HP: 48/67 MP: 12/12
  4372 | D:6      | Found a burning altar of Makhleb.
  4793 | D:6      | Found a sacrificial altar of Ru.
  4906 | D:6      | Found a staircase to the Ecumenical Temple.
  4920 | Temple   | Entered the Ecumenical Temple
  5383 | Temple   | Became a worshipper of Warmaster Okawaru
  5482 | D:6      | Upgraded the game from 0.28.0-47-ge53b351184 to
                  | 0.28.0-49-g6dfe1f597d
  5657 | D:7      | Noticed Maggie
  5677 | D:7      | Killed Maggie
  5677 | D:7      | Reached * piety under Okawaru
  5678 | D:7      | Reached XP level 9. HP: 53/73 MP: 14/14
  5839 | D:7      | Noticed Pikel
  5840 | D:7      | Noticed Duvessa
  5840 | D:7      | Noticed Dowan
  5867 | D:7      | Killed Pikel
  5873 | D:7      | Killed Dowan
  6122 | D:7      | Paralysed by something for 5 turns
  6141 | D:7      | Found a bloodstained altar of Trog.
  6385 | D:7      | Killed Duvessa
  6386 | D:7      | Reached skill level 5 in Invocations
  6682 | D:7      | Reached ** piety under Okawaru
  6829 | D:7      | Reached XP level 10. HP: 37/80 MP: 17/17
  6841 | D:7      | Noticed a boulder beetle
  7595 | D:8      | Reached skill level 5 in Short Blades
  7595 | D:8      | Reached skill level 5 in Long Blades
  7595 | D:8      | Reached skill level 5 in Maces & Flails
  7595 | D:8      | Reached skill level 5 in Polearms
  7595 | D:8      | Reached skill level 5 in Staves
  7595 | D:8      | Reached skill level 5 in Slings
  7595 | D:8      | Reached skill level 5 in Bows
  7595 | D:8      | Reached skill level 5 in Crossbows
  7595 | D:8      | Reached skill level 5 in Throwing
  7595 | D:8      | Reached skill level 5 in Dodging
  7595 | D:8      | Reached skill level 5 in Stealth
  7595 | D:8      | Reached skill level 5 in Unarmed Combat
  7595 | D:8      | Reached skill level 5 in Spellcasting
  7595 | D:8      | Reached skill level 5 in Evocations
  8086 | D:7      | Noticed a deep elf pyromancer
  8087 | D:7      | Slain by a boulder beetle

Illustrated notes

Levels and vault maps discovered:
D:1:      minmay_arrival_plants_in_alcoves, layout_basic
D:2:      layout_loops_ring, hellmonk_ecumenical_altar_watching_god,
          corexii_shack, uniq_robin, uniq_crazy_yiuf_cottage
D:3:      layout_basic, ebering_ghost_disaster_area
D:4:      layout_cave_pools
D:5:      layout_basic, kennysheep_generic_room_12
D:6:      layout_basic, minmay_temple_entry_proselytizer,
          hangedman_feature_mirror, minmay_misc_feat_alley
D:7:      minmay_slanted_spiral_squares, layout_basic, lemuel_tele_altar,
          uniq_duvessa, uniq_pikel, uniq_maggie
D:8:      layout_basic
Temple:   mainiacjoe_temple_starburst

Skill      XL: |  1  2  3  4  5  6  7  8  9 10 |
---------------+-------------------------------+-----
Invocations    | 1 2 3 4 5 |  5.5
Short Blades   | 1 2 3 4 5 |  5.0
Long Blades    | 1 2 3 4 5 |  5.0
Maces & Flails | 1 2 3 4 5 |  5.0
Polearms       | 1 2 3 4 5 |  5.0
Staves         | 1 2 3 4 5 |  5.0
Slings         | 1 2 3 4 5 |  5.0
Bows           | 1 2 3 4 5 |  5.0
Crossbows      | 1 2 3 4 5 |  5.0
Throwing       | 1 2 3 4 5 |  5.0
Dodging        | 1 2 3 4 5 |  5.0
Stealth        | 1 2 3 4 5 |  5.0
Unarmed Combat | 1 2 3 4 5 |  5.0
Spellcasting   | 1 2 3 4 5 |  5.0
Evocations     | 1 2 3 4 5 |  5.0
Conjurations   | 1 2 3 4 |  4.1
Hexes          | 1 2 3 4 |  4.1
Summonings     | 1 2 3 4 |  4.1
Necromancy     | 1 2 3 4 |  4.1
Translocations | 1 2 3 4 |  4.1
Transmutations | 1 2 3 4 |  4.1
Fire Magic     | 1 2 3 4 |  4.1
Ice Magic      | 1 2 3 4 |  4.1
Air Magic      | 1 2 3 4 |  4.1
Earth Magic    | 1 2 3 4 |  4.1
Poison Magic   | 1 2 3 4 |  4.1
Axes           | 5 6 |  6.8
Fighting       | 7 8 |  8.3
Armour         | 7 8 |  8.3
Shields        | 7 8 |  8.3

Action                   |  1- 3 |  4- 6 |  7- 9 | 10-12 || total
-------------------------+-------+-------+-------+-------++-------
Melee: War axe           |    41 |       |       |       ||    41
       Bite              |     7 |    14 |    27 |     7 ||    55
       Whip              |    55 |   150 |   235 |    55 ||   495
       Morningstar       |       |       |    14 |       ||    14
Throw: Throwing net      |       |       |     1 |       ||     1
  Use: Scroll            |       |       |     5 |     2 ||     7
       Potion            |       |       |     3 |       ||     3
 Stab: Sleeping          |       |       |     2 |     1 ||     3
Armor: Scale mail        |    47 |    75 |    46 |       ||   168
       Steam dragon scal |       |       |    33 |    10 ||    43
Dodge: Dodged            |    53 |    57 |   124 |    24 ||   258
Block: Buckler           |    19 |    48 |    69 |    12 ||   148
